AoeStats
← dashuaibi

Fortress

508196736Analyzed
4v4 RM · 11d ago on Sep 21, 2026· 40m 6s· 8 players
Game mode
Random Map
Map size
Huge
Population
200
Speed
Normal
Resources
Standard
Victory
Conquest
Starting age
Dark Age
Ending age
Imperial Age
RankedLock teamsTeams togetherTeam positionsShared explorationLock speedFull tech treeHidden civsTurbo modeCheats
Victory
Defeat
🇨🇳 Khmer · China
1363
+15
🇨🇳 Bulgarians · China
1329
+17
🇨🇳 Mongols · China
1325
+17
🇹🇼 Hindustanis · Taiwan
1256
+19
🇩🇪 Italians · Germany
1402
-20
🇦🇷 Mongols · Argentina
1388
-19
🇻🇳 Turks · Vietnam
1323
-16
🇹🇼 Magyars · Taiwan
1247
-13
dashuaibi
7:14 Feudal Age
11:17 Castle Age
9:21 Double-Bit Axe
9:44 Horse Collar
19:45 Wheelbarrow
22:28 Bow Saw
22:21 Heavy Plow
22:25 Stone Mining
22:25 Gold Mining
27:19 Imperial Age
24:35 Loom
24:49 Fletching
25:38 Bodkin Arrow
25:44 Padded Archer Armor
26:46 Ballistics
26:43 Leather Archer Armor
26:34 Scale Barding Armor
26:45 Thumb Ring
27:56 Chain Barding Armor
28:25 Hand Cart
27:56 Town Watch
28:24 Bracer
29:21 Gold Shaft Mining
29:22 Stone Shaft Mining
31:03 Chemistry
30:54 Conscription
31:25 Parthian Tactics
31:13 Bloodlines
31:03 Husbandry
31:24 Elite Mangudai
32:39 Hoardings
34:37 Caravan
35:08 Coinage
35:32 Drill
35:35 Siege Engineers
35:41 Masonry
35:41 Fortified Wall
37:38 Capped Ram
40:02 Murder Holes
39:58 Guard Tower
39:34 Siege Ram
馬上贏
8:01 Feudal Age
11:44 Castle Age
10:18 Double-Bit Axe
10:14 Horse Collar
11:44 Wheelbarrow
13:25 Bow Saw
13:28 Heavy Plow
17:16 Gold Mining
18:07 Town Watch
18:07 Loom
25:07 Imperial Age
22:55 Scale Mail Armor
23:05 Forging
23:33 Gold Shaft Mining
23:58 Chain Mail Armor
23:54 Forging
24:03 Squires
23:49 Arson
26:27 Iron Casting
28:25 Imperial Age
27:02 Hand Cart
29:23 Masonry
30:15 Blast Furnace
29:37 Conscription
29:43 Conscription
29:52 Elite Ghulam
31:34 Scale Barding Armor
32:18 Light Cavalry
33:09 Bloodlines
32:59 Husbandry
33:37 Chain Barding Armor
34:14 Hussar
39:24 Plate Barding Armor
38:32 Heavy Camel Rider
买麻衣也用劵
8:25 Feudal Age
11:59 Castle Age
10:31 Double-Bit Axe
10:26 Horse Collar
13:24 Bow Saw
13:45 Heavy Plow
19:05 Gold Mining
19:12 Pikeman
19:55 Squires
21:22 Gold Shaft Mining
22:42 Wheelbarrow
26:27 Imperial Age
24:17 Hand Cart
24:51 Scale Mail Armor
25:01 Forging
24:39 Gambesons
24:40 Arson
26:32 Halberdier
26:37 Capped Ram
27:37 Siege Ram
29:04 Chain Mail Armor
29:25 Iron Casting
31:07 Plate Mail Armor
31:37 Blast Furnace
30:39 Bagains
30:59 Conscription
37:34 Siege Engineers
37:26 Onager
38:45 Siege Onager
40:40 Chemistry
JieX
8:11 Feudal Age
11:09 Castle Age
9:16 Double-Bit Axe
10:22 Horse Collar
12:05 Bow Saw
11:57 Heavy Plow
12:09 Loom
22:05 Wheelbarrow
21:15 Town Watch
22:17 Gold Mining
23:02 Light Cavalry
23:52 Bloodlines
23:43 Husbandry
26:44 Imperial Age
24:54 Hand Cart
25:05 Scale Barding Armor
26:16 Chain Barding Armor
26:12 Forging
28:11 Conscription
28:37 Plate Barding Armor
27:49 Hussar
29:46 Iron Casting
32:20 Conscription
33:34 Blast Furnace
Murschann
7:27 Feudal Age
9:37 Loom
10:00 Double-Bit Axe
12:19 Castle Age
10:52 Horse Collar
11:36 Loom
13:22 Bow Saw
18:47 Imperial Age
16:55 Padded Archer Armor
18:53 Fletching
21:34 Chemistry
24:54 Bodkin Arrow
25:15 Leather Archer Armor
25:35 Ballistics
29:30 Conscription
37:11 Pirotechnia
37:18 Pirotechnia
[BadStart] The Shadow
1:00 Loom
6:58 Feudal Age
8:26 Loom
10:49 Castle Age
9:23 Double-Bit Axe
9:40 Horse Collar
11:46 Bow Saw
16:09 Gold Mining
16:05 Loom
18:51 Wheelbarrow
20:26 Hand Cart
20:40 Stone Mining
25:13 Imperial Age
23:06 Bloodlines
22:56 Husbandry
23:48 Fletching
23:59 Padded Archer Armor
24:35 Bodkin Arrow
25:33 Ballistics
25:51 Leather Archer Armor
26:02 Bracer
27:04 Chemistry
26:55 Parthian Tactics
26:36 Thumb Ring
27:00 Heavy Cavalry Archer
28:01 Elite Mangudai
32:07 Town Watch
33:22 Light Cavalry
34:09 Scale Barding Armor
34:14 Forging
36:18 Chain Barding Armor
36:33 Iron Casting
36:26 Masonry
George
7:52 Feudal Age
12:54 Castle Age
11:11 Double-Bit Axe
11:12 Horse Collar
15:10 Bow Saw
18:27 Wheelbarrow
22:08 Town Watch
26:12 Imperial Age
23:48 Heavy Plow
24:02 Loom
24:38 Scale Barding Armor
25:11 Hand Cart
24:43 Town Watch
25:01 Corvinian Army
25:48 Chain Barding Armor
26:36 Gold Mining
28:53 Gold Shaft Mining
30:37 Elite Magyar Huszar
32:05 Fletching
32:50 Town Patrol
35:53 Onager
LeMeow
6:42 Feudal Age
7:08 Horse Collar
7:14 Double-Bit Axe
12:53 Castle Age
21:51 Imperial Age
20:28 Padded Archer Armor
20:43 Gold Mining
28:16 Leather Archer Armor
Connection lost

Rejoining the realm…

Still unreachable

The connection could not be restored.

Session expired

The server has moved on; the page needs a fresh start.